 Dungeon Crawl Stone Soup version 0.20.0-15-g7f486f2 (webtiles) character file.

97 Zachthehappycat the Charlatan (level 4, 0/22 HPs)
             Began as a Spriggan Artificer on July 1, 2017.
             Was an Initiate of Elyvilon.
             Succumbed to an adder's poison
             ... on level 3 of the Dungeon.
             The game lasted 00:24:22 (5504 turns).

Zachthehappycat the Charlatan (Spriggan Artificer)  Turns: 5504, Time: 00:24:22

Health: 0/22       AC:  2    Str: 11    XL:     4   Next: 42%
Magic:  8/8        EV: 18    Int: 15    God:    Elyvilon [......]
Gold:   221        SH:  5    Dex: 17    Spells: 3/3 levels left

rFire    . . .     SeeInvis +   w - -3 dagger (curse)
rCold    . . .     Gourm    .   h - +0 buckler
rNeg     . . .     Faith    .   b - +0 robe
rPois    .         Spirit   .   (helmet restricted)
rElec    .         Reflect  .   (no cloak)
rCorr    .         Harm     .   (gloves unavailable)
MR       .....                  (boots unavailable)
Stlth    ++........             (no amulet)
Regen    0.1/turn               k - +3 ring of intelligence
MPRegen  0.2/turn               s - +3 ring of strength

@: lethally poisoned (0 -> -3), very quick
A: unfitting armour, see invisible, herbivore 3, speed 3, slow metabolism 2
a: Renounce Religion


You were on level 3 of the Dungeon.
You worshipped Elyvilon.
Elyvilon was noncommittal.
You were very full.

You visited 1 branch of the dungeon, and saw 3 of its levels.

You collected 221 gold pieces.

Inventory:

Hand Weapons
 a - a +2 falchion of holy wrath
 i - a +0 hunting sling
 j - a +2 hand axe of chopping
 w - a cursed -3 dagger (weapon)
Missiles
 g - 76 arrows
 l - 40 sling bullets
 q - 22 bolts
 y - 56 stones (quivered)
Armour
 b - a +0 robe (worn)
 h - a +0 buckler (worn)
Jewellery
 k - a +3 ring of intelligence (left hand)
 s - a +3 ring of strength (right hand)
Wands
 c - a wand of flame (11/48)
 d - a wand of enslavement (15/24)
 e - a wand of random effects (15/48)
Scrolls
 m - a scroll of identify
 v - a scroll of fear


   Skills:
 + Level 1.2 Fighting
 + Level 2.4 Short Blades
 + Level 4.1 Dodging
 + Level 3.0 Stealth
 + Level 4.9 Evocations


You had 3 spell levels left.
You didn't know any spells.

Dungeon Overview and Level Annotations

Branches:
Dungeon (3/15)

Altars:
Ashenzari
Elyvilon
Okawaru


Innate Abilities, Weirdness & Mutations

You are very small and have problems with some larger weapons.
You are too small for most types of armour.
You have supernaturally acute eyesight. (SInv)
You are a herbivore.
You cover ground extremely quickly.
You need consume almost no food.


Message History

* * * LOW HITPOINT WARNING * * *
You feel sick.
There is a lethal amount of poison in your body!
* * * LOW HITPOINT WARNING * * *
You feel sick.
You aren't carrying any potions.
Okay, then.
Okay, then.
You eat the fruit.
That eggfruit was delicious!
You eat the bread ration.
That bread ration really hit the spot!
You aren't carrying any food.
You aren't carrying any food.
There is a lethal amount of poison in your body!
There is a lethal amount of poison in your body!
There is a lethal amount of poison in your body!
Items here: )) [ † an uncursed hunting sling; an uncursed long sword; a leather armour an orc corpse
Okay, then.
You die...

#.##).##..# #.##.>##..#
######### #...##....# #........
#.#.##.#..# #........
#.#....#### #........ # #.....##
####..### ##### ####...#########
##..#
)...######.....###......###..##
.).....<.......)@.......##..##
....####.......##.......#...#
###### #.#########........#.#
##...###...###...##......#..#
#.....##...##.....##....##.#####
.......#...#.......#...........#
.......'...'.......#....##.###.#
.......#†..#.......#.#..##.###.#
#.....##.[.##.....##....##.....#


There were no monsters in sight!

Vanquished Creatures
  3 adders (D:2)
  A worm (D:2)
  A dart slug (D:1)
  2 leopard geckos
  2 orcs (D:3)
  A ball python (D:2)
  8 bats
  4 giant cockroaches
  4 goblins
  10 hobgoblins
  2 jackals (D:2)
  A quokka (D:3)
  6 frilled lizards
  8 kobolds
  7 rats
60 creatures vanquished.

Notes
Turn   | Place    | Note
-------+----------+-------------------------------------------
     0 | D:1      | Zachthehappycat the Spriggan Artificer began the quest for the Orb.
     0 | D:1      | Reached XP level 1. HP: 9/9 MP: 4/4
   132 | D:1      | Reached skill level 1 in Fighting
   172 | D:1      | Reached XP level 2. HP: 8/14 MP: 6/6
   176 | D:1      | Found a shattered altar of Ashenzari.
  1128 | D:2      | Reached XP level 3. HP: 15/18 MP: 7/7
  1276 | D:2      | Found a white marble altar of Elyvilon.
  1379 | D:2      | Became a worshipper of Elyvilon the Healer
  1680 | D:2      | Elyvilon protects you from harm!
  3320 | D:2      | Reached XP level 4. HP: 22/22 MP: 8/8
  4587 | D:3      | Found a faded altar of an unknown god.
  4729 | D:3      | Found an iron altar of Okawaru.
  5499 | D:3      | HP: 1/22 [poisoned by an adder]
  5504 | D:3      | Succumbed to an adder's poison

Skill      XL: |  1  2  3  4 |
---------------+-------------+-----
Fighting       | 1 |  1.2
Stealth        | 2 3 |  3.0
Short Blades   | 2 |  2.4
Dodging        | 4 |  4.1
Evocations     | |  4.9

Action                   |  1- 3 |  4- 6 || total
-------------------------+-------+-------++-------
Melee: Short sword       |    15 |       ||    15
       Hand axe          |    94 |       ||    94
       Dagger            |   112 |   216 ||   328
Evoke: Wand              |       |     4 ||     4
  Use: Potion            |     3 |     3 ||     6
       Scroll            |     1 |    10 ||    11
 Stab: Sleeping          |     4 |     1 ||     5
       Distracted        |       |     1 ||     1
  Eat: Fruit             |       |     3 ||     3
       Bread ration      |       |     1 ||     1
Armor: Robe              |    14 |    12 ||    26
Dodge: Dodged            |   187 |   141 ||   328
Block: Buckler           |    45 |    63 ||   108
